 Dungeon Crawl Stone Soup version 0.26.1-11-gd32895ea62 (webtiles) character file.

Game seed: 12446314116529988205

2974 Almogavar the Thaumaturge (level 9, -2/48 HPs)
             Began as a Deep Elf Conjurer on May 13, 2021.
             Was a Follower of Sif Muna.
             Slain by a lemure (8 damage)
             ... led by Pikel
             ... on level 7 of the Dungeon.
             The game lasted 00:24:34 (8429 turns).

Almogavar the Thaumaturge (Deep Elf Conjurer)       Turns: 8429, Time: 00:24:34

Health: -2/48      AC:  6    Str:  4    XL:     9   Next: 53%
Magic:  16/26      EV: 13    Int: 27    God:    Sif Muna [*.....]
Gold:   292        SH:  0    Dex: 13    Spells: 25/31 levels left

rFire    . . .     SeeInvis .   (no weapon)
rCold    + . .     Faith    .   (no shield)
rNeg     . . .     Spirit   .   d - +0 leather armour
rPois    .         Reflect  .   (no helmet)
rElec    .         Harm     .   (no cloak)
rCorr    .         Rampage  .   v - +0 pair of gloves
Will     .....                  y - +1 pair of boots
Stlth    +++.......             (no amulet)
HPRegen  0.16/turn              s - ring of protection from cold
MPRegen  0.20/turn              (no ring)

@: no status effects
A: no striking features
a: Renounce Religion, Channel Magic


You were on level 7 of the Dungeon.
You worshipped Sif Muna.
Sif Muna was aware of your devotion.
You visited 2 branches of the dungeon, and saw 9 of its levels.

You collected 292 gold pieces.

Inventory:

Hand Weapons
 f - a +0 dagger
 p - the +6 spear "Jaoletam" {vamp, rN+ Dex+2}
   (You took it off an orc on level 6 of the Dungeon)

   It inflicts no extra harm, but heals its wielder when it wounds a living foe.
   It affects your dexterity (+2).
   It protects you from negative energy.
Armour
 d - a +0 leather armour (worn)
 v - a +0 pair of gloves (worn)
 y - a +1 pair of boots (worn)
Jewellery
 s - a ring of protection from cold (left hand)
Wands
 i - a wand of flame (14)
 x - a wand of iceblast (8)
Scrolls
 c - a scroll of blinking
 e - a scroll of magic mapping
 g - 2 scrolls of enchant armour
 h - a scroll of fog
 l - 2 scrolls of remove curse
 m - 2 scrolls of amnesia {unknown}
 n - 2 scrolls of teleportation {unknown}
 o - a scroll of fear {unknown}
 u - a scroll of enchant weapon {unknown}
Potions
 a - a potion of flight {unknown}
 b - 5 potions of might
 j - 3 potions of heal wounds
 k - a potion of haste {unknown}
 q - a potion of magic {unknown}
 r - a potion of mutation {unknown}
 t - a potion of attraction {unknown}
 w - a potion of ambrosia {unknown}


   Skills:
 + Level 1.6 Fighting
 + Level 0.4 Armour
 + Level 4.3 Dodging
 + Level 5.5 Stealth
 + Level 11.5 Spellcasting
 + Level 10.1 Conjurations


You had 25 spell levels left.
You knew the following spells:

 Your Spells              Type           Power        Failure   Level
a - Magic Dart            Conj           100%         1%          1
b - Searing Ray           Conj           100%         1%          2
c - Dazzling Flash        Conj/Hex       86%          2%          3

Your spell library contained the following spells:

 Spells                   Type           Power        Failure   Level
 Fulminant Prism          Conj/Hex       21%          9%          4
 Iskenderun's Mystic Bla  Conj/Tloc      43%          9%          4


Dungeon Overview and Level Annotations

Branches:
Dungeon (8/15)             Temple (1/1) D:5
   Lair: D:8-11

Altars:
Dithmenos
Hepliaklqana
Kikubaaqudgha
Makhleb
Okawaru
Sif Muna
Vehumet
Wu Jian

Shops:
D:5 [   D:7 =

Annotations:
D:7 Pikel, Psyche


Message History

The searing ray hits Pikel!
Pikel is heavily wounded.
You finish channeling your searing ray.
Psyche laughs secretively.
Psyche hits you with a +3 dagger of distortion.
Space warps horribly around you! The lemure completely misses you.
A wyvern comes into view.
Pikel hits you but does no damage. The lemure barely misses you.
Psyche hits you with a +3 dagger of distortion!
* * * LOW HITPOINT WARNING * * *
Space bends around you.
* * * LOW HITPOINT WARNING * * *
The lemure closely misses you. Pikel completely misses you.
You climb upwards.
There is a stone staircase leading down here.
Casting: Searing Ray (safe; 1% risk of failure)
Confirm with . or Enter, or press ? or * to list all spells.
The lemure hits you!
You die...

#......######(..##......#...
#......#.......<........#...
#......#..).............#...
#......#................#...
#......###########....<.#[..
##'#####..###...##......(...
#............(.........#...
#........55K...........#...
#...÷.[...@@...#########..)
#...#########'##...........
#...#...............#......
#...#......................
#...#.............#.∩.#....
#.))#......................
#...#......)........#...)..
#...#......#############[..
#...#......#....'......#...


You could see Psyche, Pikel and 2 lemures.

Vanquished Creatures
  Prince Ribbit (D:6)
  Grinder (D:6)
  Edmund (D:4)
  A black bear (D:5)
  3 orc warriors
  A phantom (D:6)
  2 ogres
  4 centaurs
  A lemure (D:8)
  A big kobold (D:7)
  A bullfrog (D:6)
  A scorpion (D:4)
  5 killer bees
  A centaur skeleton (D:6)
  An orc priest (D:4)
  3 bullfrog zombies
  4 hounds
  2 bullfrog skeletons
  10 orc wizards
  An iguana (D:4)
  Natasha (D:2)
  3 worker ants
  2 hound zombies (D:5)
  A hound skeleton (D:5)
  2 worker ant zombies
  5 gnolls
  A howler monkey skeleton (D:4)
  11 adders
  4 white imps
  3 oozes
  An adder zombie (D:5)
  A worm (D:3)
  3 dart slugs
  2 leopard geckos
  26 orcs
  3 giant cockroaches
  11 goblins
  8 hobgoblins
  4 jackals (D:3)
  9 kobolds
  3 quokkas
  2 bats
  4 frilled lizards
  A jackal zombie (D:5)
  9 rats
165 creatures vanquished.

Vanquished Creatures (others)
  2 fungi (D:8)
  4 plants (D:8)
  3 withered plants (D:6)
9 creatures vanquished.

Grand Total: 174 creatures vanquished

Notes
Turn   | Place    | Note
-------+----------+-------------------------------------------
     0 | D:1      | Almogavar the Deep Elf Conjurer began the quest for the
                  | Orb.
     0 | D:1      | Reached XP level 1. HP: 10/10 MP: 6/6
   237 | D:1      | Reached XP level 2. HP: 15/15 MP: 0/8
   326 | D:1      | Learned a level 2 spell: Searing Ray
   450 | D:1      | Reached skill level 5 in Conjurations
   835 | D:2      | Noticed Natasha
   847 | D:2      | Reached XP level 3. HP: 13/19 MP: 3/9
   848 | D:2      | Killed Natasha
   943 | D:2      | You fall into a shaft and drop 1 floor!
  1006 | D:3      | Reached XP level 4. HP: 24/24 MP: 4/11
  1448 | D:3      | Reached skill level 4 in Spellcasting
  1965 | D:3      | Reached XP level 5. HP: 28/28 MP: 8/13
  2053 | D:3      | Noticed an ogre
  2061 | D:3      | Killed an ogre
  2351 | D:4      | Reached skill level 5 in Spellcasting
  2351 | D:4      | Reached XP level 6. HP: 20/32 MP: 6/15
  2856 | D:4      | Reached skill level 6 in Spellcasting
  2885 | D:4      | Noticed Edmund
  3135 | D:4      | Killed Edmund
  3136 | D:4      | Reached XP level 7. HP: 24/36 MP: 10/19
  3332 | D:4      | Reached skill level 7 in Spellcasting
  4059 | D:5      | Entered Level 5 of the Dungeon
  4180 | D:5      | Reached skill level 8 in Spellcasting
  4599 | D:5      | Reached XP level 8. HP: 10/42 MP: 15/22
  4825 | D:5      | Learned a level 3 spell: Dazzling Flash
  4839 | D:5      | Found Dazxuesko's Antique Armour Shoppe.
  5222 | D:5      | Found a staircase to the Ecumenical Temple.
  5231 | Temple   | Entered the Ecumenical Temple
  5245 | Temple   | Became a worshipper of Sif Muna the Loreminder
  5793 | D:6      | Noticed Prince Ribbit
  5804 | D:6      | Killed Prince Ribbit
  5805 | D:6      | Reached skill level 9 in Spellcasting
  5951 | D:6      | Noticed Grinder
  5956 | D:6      | Killed Grinder
  5957 | D:6      | Reached skill level 5 in Stealth
  5984 | D:6      | Identified the +6 spear "Jaoletam" {vamp, rN+ Dex+2}
  6023 | D:6      | Reached skill level 1 in Fighting
  6089 | D:6      | Reached skill level 10 in Spellcasting
  6391 | D:6      | Found an ancient bone altar of Kikubaaqudgha.
  6489 | D:6      | Reached XP level 9. HP: 47/47 MP: 18/25
  7140 | D:7      | Found Odout's Jewellery Boutique.
  7163 | D:7      | Reached * piety under Sif Muna
  7775 | D:7      | Reached skill level 11 in Spellcasting
  8117 | D:7      | Reached skill level 10 in Conjurations
  8419 | D:8      | Noticed Pikel
  8419 | D:8      | Noticed Psyche
  8429 | D:7      | Slain by a lemure

Illustrated notes

Levels and vault maps discovered:
D:1:      dpeg_arrival_stone_temple_mockup, layout_loops_cross,
          minmay_heptomino_h4
D:2:      layout_basic, uniq_natasha
D:3:      layout_basic, grunt_decor_one_mirror
D:4:      cheibrodos_greedy_goblins, layout_loops_ring,
          minmay_fractal_squares_5, uniq_edmund
D:5:      layout_loops_ring, lemuel_temple_firewalk_b, serial_shops, shop,
          minmay_circle_x
D:6:      layout_loops_ring, kiku_gazebo_garden_becter, uniq_prince_ribbit1,
          uniq_grinder
D:7:      layout_gridville, serial_shops, nicolae_shop_stone
D:8:      layout_cave_pods, due_lair_maze_entry_diamond, serial_column_ruins,
          column_ruins_square_large, column_ruins_hut, column_ruins_grid_2,
          column_ruins_grid_2, column_ruins_grid_3, column_ruins_grid_2,
          column_ruins_corridor_straight, column_ruins_corridor_water,
          uniq_harold, uniq_maggie, uniq_pikel, uniq_psyche
Temple:   compressed_dpeg_circular_temple

Skill      XL: |  1  2  3  4  5  6  7  8  9 |
---------------+----------------------------+-----
Conjurations   | 5 6 7 8 9 10 | 10.1
Stealth        | 3 4 5 |  5.5
Spellcasting   | 4 5 6 8 10 11 | 11.5
Dodging        | 3 4 |  4.3
Fighting       | 1 |  1.6
Armour         | |  0.4

Action                   |  1- 3 |  4- 6 |  7- 9 || total
-------------------------+-------+-------+-------++-------
 Cast: Magic Dart        |    40 |    50 |    81 ||   171
       Searing Ray       |     3 |    26 |    75 ||   104
       Dazzling Flash    |       |       |     1 ||     1
  Use: Scroll            |     1 |       |     8 ||     9
Armor: Robe              |     1 |     1 |     8 ||    10
       Leather armour    |       |       |    11 ||    11
Dodge: Dodged            |     8 |     8 |    45 ||    61
